 Dungeon Crawl Stone Soup version 0.20-a0-16-g0876c8e (webtiles) character file.

3344 Naow the Cleaver (level 9, -2/79 HPs)
             Began as a Minotaur Berserker on Nov 4, 2016.
             Was an Elder of Trog.
             Slain by Zigma's ghost (14 damage)
             ... on level 8 of the Dungeon.
             The game lasted 00:13:48 (5814 turns).

Naow the Cleaver (Minotaur Berserker)               Turns: 5814, Time: 00:13:48

Health: -2/79      AC:  7    Str: 26    XL:     9   Next: 72%
Magic:  8/8        EV: 11    Int:  7    God:    Trog [****..]
Gold:   374        SH:  0    Dex: 10    Spells: 0 memorised, 8 levels left

rFire  . . .     SeeInvis .     y - +0 battleaxe
rCold  . . .     Gourm    .     p - +0 ring mail {rN+}
rNeg   + . .     Faith    +     (shield currently unavailable)
rPois  .         Spirit   .     (helmet restricted)
rElec  .         Reflect  .     F - +0 cloak
rCorr  .         Harm     .     (no gloves)
MR     ++...                    (no boots)
Stlth  ..........               D - amulet of faith
                                (no ring)
                                g - +4 ring of strength

@: exhausted, regenerating, slowed, very slow
A: retaliatory headbutt, horns 2
a: Berserk, Trog's Hand, Brothers in Arms, Burn Spellbooks, Renounce Religion


You were on level 8 of the Dungeon.
You worshipped Trog.
Trog was greatly pleased with you.
You were very hungry.

You visited 1 branch of the dungeon, and saw 8 of its levels.
You also visited: Sewer.

You collected 374 gold pieces.

Inventory:

Hand Weapons
 y - a +0 battleaxe (weapon)
 I - a +1 hand axe of venom
Armour
 b - a +0 animal skin
 p - a +0 ring mail of positive energy (worn)
 F - a +0 cloak (worn)
Jewellery
 g - a +4 ring of strength (left hand)
 D - an amulet of faith (around neck)
 K - an uncursed ring of resist corrosion {unknown}
Wands
 n - a wand of iceblast (10/15)
 B - a wand of digging (2/24)
 G - a wand of slowing (16/48)
Scrolls
 f - 2 scrolls of fear {unknown}
 h - 5 scrolls of identify
 j - 4 scrolls of remove curse
 q - a scroll of immolation {unknown}
 u - 2 scrolls of magic mapping
 z - a scroll of blinking
 A - a scroll of teleportation
Potions
 e - 2 potions of cancellation
 i - 3 potions of heal wounds
 k - 6 potions of curing
 l - a potion of invisibility {unknown}
 m - 2 potions of cure mutation
 o - a potion of lignification
 v - 2 potions of agility
 w - a potion of brilliance
 x - 2 potions of magic
 C - a potion of berserk rage
 E - 2 potions of might {unknown}
Books
 d - a book of Callings

   Spells                             Type                      Level
   a - Summon Small Mammal            Summoning                    1
   b - Call Imp                       Summoning                    2
   c - Call Canine Familiar           Summoning                    3
   d - Summon Guardian Golem          Hexes/Summoning              3
   e - Summon Lightning Spire         Summoning/Air                4
   f - Summon Ice Beast               Ice/Summoning                4
   Trog disapproves of the use of such an item.
 t - a book of Geomancy

   Spells                             Type                      Level
   a - Sandblast                      Earth                        1
   b - Passwall                       Transmutation/Earth          2
   c - Stone Arrow                    Conjuration/Earth            3
   d - Petrify                        Transmutation/Earth          4
   e - Lee's Rapid Deconstruction     Earth                        5
   Trog disapproves of the use of such an item.
 H - a book of Air

   Spells                             Type                      Level
   a - Shock                          Conjuration/Air              1
   b - Swiftness                      Charms/Air                   2
   c - Repel Missiles                 Charms/Air                   2
   d - Static Discharge               Conjuration/Air              3
   e - Lightning Bolt                 Conjuration/Air              5
   Trog disapproves of the use of such an item.
Comestibles
 a - 19 chunks of flesh
 c - 7 bread rations
 r - 3 meat rations
 s - a royal jelly
 J - a beef jerky


   Skills:
 + Level 7.0 Fighting
 + Level 14.2 Axes
 + Level 5.8 Armour
 - Level 2.1 Dodging


You had 8 spell levels left.
You didn't know any spells.

Dungeon Overview and Level Annotations

Branches:
Dungeon (8/15)             Temple (0/1) D:4
   Lair: D:8-11

Altars:
Gozag
Hepliaklqana
Qazlal
Ru
Yredelemnul

Shops:
D:5 ([?

Annotations:
D:8 Zigma's ghost, novice DrTm


Innate Abilities, Weirdness & Mutations

You reflexively headbutt those who attack you in melee.
You have a pair of horns on your head.


Message History

You feel the effects of Trog's Hand fading.
Zigma's ghost hits you!
* * * LOW HITPOINT WARNING * * *
You barely miss Zigma's ghost.
Zigma's ghost is lightly damaged.
Zigma's ghost hits you but does no damage.
You barely miss Zigma's ghost.
Zigma's ghost is lightly damaged.
You slash Zigma's ghost! Your headbutt misses Zigma's ghost.
Zigma's ghost is lightly damaged.
Zigma's ghost hits you.
* * * LOW HITPOINT WARNING * * *
You slice Zigma's ghost!!
Zigma's ghost is heavily damaged.
You slash Zigma's ghost!
Zigma's ghost is heavily damaged.
You are no longer berserk.
You are exhausted.
You feel yourself slow down. Zigma's ghost hits you!
You die...

##... ### .# ....
..# #.# #... #.#
#.# #... #.# ..#
####... #.# #.#
....... #.####.###
......W###((((....#
.......@.(......#.#
###############.#.#
#####.#.####
#..........#
#.###.#.##.#
#.#.##.# #.#.##.#
### #.#.##.# #..
..#.##.#


You could see Zigma's ghost.

Vanquished Creatures
  Pikel (D:5)
  Grinder (D:5)
  A hippogriff (D:8)
  Menkaure (D:4)
  A water moccasin (D:5)
  2 ice beasts
  2 orc warriors (D:6)
  3 slaves (D:5)
  2 phantoms
  2 ogres
  2 centaurs
  Blork the orc (D:6)
  3 bullfrogs
  3 wights (D:7)
  2 howler monkeys
  A bullfrog zombie (D:5)
  2 crimson imps
  4 orc priests
  4 hounds
  A jelly (D:3)
  2 orc wizards
  8 worker ants
  2 hound skeletons
  6 adders
  4 gnolls
  A howler monkey skeleton (D:5)
  A shadow imp (D:5)
  14 oozes
  An adder skeleton (D:7)
  2 worms (D:2)
  A dart slug (D:2)
  14 leopard geckos
  18 orcs
  12 ball pythons
  7 bats
  17 giant cockroaches
  11 goblins
  6 hobgoblins
  17 jackals
  4 kobolds
  3 quokkas
  11 frilled lizards
  A jackal zombie (D:7)
  A leopard gecko skeleton (D:5)
  A quokka skeleton (D:6)
  A quokka zombie (D:5)
  9 rats
214 creatures vanquished.

Vanquished Creatures (others)
  A phantom (D:5)
  An adder (D:5)
  A quokka (D:5)
  A ball python skeleton (D:5)
4 creatures vanquished.

Grand Total: 218 creatures vanquished

Notes
Turn   | Place    | Note
-------+----------+-------------------------------------------
     0 | D:1      | Naow the Minotaur Berserker began the quest for the Orb.
     0 | D:1      | Reached XP level 1. HP: 19/19 MP: 0/0
    90 | D:1      | Reached skill level 4 in Axes
   143 | D:1      | Reached XP level 2. HP: 26/26 MP: 1/1
   271 | D:1      | Reached skill level 5 in Axes
   273 | D:1      | Reached XP level 3. HP: 31/31 MP: 2/2
   393 | D:1      | Reached ** piety under Trog
   730 | D:2      | Found a basalt altar of Yredelemnul.
  1013 | D:2      | Reached XP level 4. HP: 32/39 MP: 3/3
  1018 | D:2      | Reached skill level 6 in Axes
  1939 | D:3      | Reached skill level 7 in Axes
  1939 | D:3      | Reached XP level 5. HP: 20/45 MP: 4/4
  2668 | D:4      | Found a staircase to the Ecumenical Temple.
  2673 | D:4      | Noticed Menkaure
  2679 | D:4      | Killed Menkaure
  2679 | D:4      | Reached skill level 8 in Axes
  2679 | D:4      | Reached XP level 6. HP: 42/51 MP: 5/5
  2720 | D:4      | Found a stormy altar of Qazlal.
  2721 | D:4      | Noticed an air elemental
  2723 | D:4      | Noticed a fire elemental
  2723 | D:4      | Noticed a water elemental
  2765 | D:4      | Reached skill level 9 in Axes
  2904 | D:5      | Entered Level 5 of the Dungeon
  2916 | D:5      | Found Usexori's Magic Scroll Boutique.
  2916 | D:5      | Noticed a slave
  2917 | D:5      | Noticed a slave
  2917 | D:5      | Noticed a slave
  2918 | D:5      | Noticed a slave
  2927 | D:5      | Noticed Pikel
  2928 | D:5      | Killed a slave
  2935 | D:5      | Killed a slave
  2940 | D:5      | Killed a slave
  2949 | D:5      | Killed Pikel
  2949 | D:5      | Reached skill level 11 in Axes
  2949 | D:5      | Reached XP level 7. HP: 20/57 MP: 6/6
  3105 | D:5      | Found a hazy altar of Hepliaklqana.
  3149 | D:5      | Found an opulent altar of Gozag.
  3193 | D:5      | Found Icatagre's Armour Shop.
  3203 | D:5      | Reached XP level 8. HP: 55/64 MP: 7/7
  3353 | D:5      | Noticed Grinder
  3353 | D:5      | Paralysed by Grinder for 2 turns
  3370 | D:5      | Killed Grinder
  3370 | D:5      | Reached skill level 12 in Axes
  3437 | D:5      | Found Quhy's Weapon Shop.
  3507 | D:5      | Reached *** piety under Trog
  4226 | D:6      | Reached skill level 13 in Axes
  4314 | D:6      | Noticed Blork the orc
  4322 | D:6      | Killed Blork the orc
  4548 | D:6      | Found a glowing drain.
  4553 | Sewer    | Entered a sewer
  4680 | Sewer    | Reached **** piety under Trog
  4719 | Sewer    | Reached XP level 9. HP: 67/72 MP: 8/8
  5026 | D:7      | Reached skill level 5 in Fighting
  5232 | D:7      | Reached skill level 5 in Armour
  5389 | D:7      | Found a sacrificial altar of Ru.
  5685 | D:8      | Reached skill level 14 in Axes
  5804 | D:8      | Noticed Zigma's ghost (novice DrTm)
  5814 | D:8      | Slain by Zigma's ghost

Vault maps used:
D:1:      saegor_arrival_simple_e
D:2:      yredelemnul_altar_generic
D:3:      first_bread, st_stairs_10
D:4:      nicolae_qazlal_style_of_elements, uniq_menkaure
D:5:      nicolae_overflow_hidden_temple, serial_shops,
          nicolae_shop_temple_entry_statues_fountains,
          nicolae_shop_behind_doors, shop, grunt_gozag_breadcrumbs,
          uniq_grinder, uniq_pikel
D:6:      portal_sewer_entry_e, kennysheep_nub, uniq_blork_the_orc
D:7:      nicolae_ru_path_of_blood
D:8:      basic_altar, uniq_maurice
Sewer:    sewer_frog_island_02

Skill      XL: |  1  2  3  4  5  6  7  8  9 |
---------------+----------------------------+-----
Axes           | 4 5 7 8 11 13 14 | 14.2
Armour         | 4 5 |  5.8
Fighting       | 4 7 |  7.0
Dodging        | |  2.1

Action                   |  1- 3 |  4- 6 |  7- 9 || total
-------------------------+-------+-------+-------++-------
Melee: Hand axe          |    77 |   147 |   276 ||   500
       Headbutt          |     9 |    30 |    61 ||   100
       Battleaxe         |       |       |    52 ||    52
Invok: Berserk           |     2 |     2 |     6 ||    10
       Trog's Hand       |       |     1 |     3 ||     4
  Use: Scroll            |       |       |    14 ||    14
 Stab: Sleeping          |       |     1 |       ||     1
  Eat: Chunk             |     2 |     7 |    16 ||    25
Armor: Animal skin       |    14 |     6 |       ||    20
       Ring mail         |       |    21 |    75 ||    96
Dodge: Dodged            |    54 |    74 |   137 ||   265
